 Dungeon Crawl Stone Soup version 0.31-a0-1338-gb567cfdca4 (webtiles) character file.

Game seed: 12851881683880056098

48 GloriousHammer the Trooper (level 3, -3/39 HPs)
             Began as an Oni Warper on Dec 21, 2023.
             Slain by a gnoll
             ... wielding a +0 flail
              (6 damage)
             ... on level 2 of the Dungeon on Dec 22, 2023.
             The game lasted 00:03:31 (1268 turns).

GloriousHammer the Trooper (Oni Warper)             Turns: 1268, Time: 00:03:31

Health: -3/39      AC:  4    Str: 14 (17) XL:     3   Next: 72%
Magic:  6/6        EV:  5    Int: 12 (14) God:
Gold:   47         SH:  0    Dex:  5 (8)  Spells: 6/6 levels left

rFire   . . .        a - +0 mace
rCold   . . .        (no shield)
rNeg    . . .        b - +0 robe
rPois   .            (helmet restricted)
rElec   .            i - +0 cloak
rCorr   .            (gloves unavailable)
SInv    .            (boots unavailable)
Will    .....        (no amulet)
Stlth   +            (no ring)
HPRegen 0.26/turn    (no ring)
MPRegen 0.10/turn

%: no passive effects
@: held
A: drunken brawling, large, unfitting armour, horns 1, tough skin 1, double
potion healing
a: no special abilities


You were on level 2 of the Dungeon.
You visited 1 branch of the dungeon, and saw 2 of its levels.

You collected 47 gold pieces.

Inventory:

Hand Weapons
 a - a +0 mace (weapon)
Missiles
 d - 5 darts of dispersal (quivered)
 e - 15 stones
Armour
 b - a +0 robe (worn)
 i - a +0 cloak (worn)
Scrolls
 c - a scroll of blinking
 h - a scroll of immolation {unknown}
 j - a scroll of identify {unknown}
 k - a scroll of noise {unknown}
 l - a scroll of summoning {unknown}
Potions
 f - a potion of might {unknown}


   Skills:
 * Level 4.2 Fighting
 + Level 2.5 Maces & Flails
 + Level 1.9 Throwing
 - Level 2.1 Dodging
 - Level 2.4 Spellcasting
 - Level 2.6 Translocations


You had 6 spell levels left.
You didn't know any spells.
Your spell library contained the following spells:

 Spells                   Type           Power      Damage    Failure   Level
 Blink                    Tloc           14%        N/A       13%         2
 Lesser Beckoning         Tloc           14%        N/A       13%         2
 Teleport Other           Tloc           7%         N/A       26%         3
 Cigotuvi's Dreadful Rot  Necr/Alch/Air  2%         N/A       36%         2
 Manifold Assault         Tloc           7%         N/A       65%         4
 Vhi's Electric Charge    Tloc/Air       8%         N/A       83%         4
 Dispel Undead            Necr           1%         3d6       95%         4
 Death Channel            Necr           0%         N/A       100%        6


Dungeon Overview and Level Annotations

Branches:
Dungeon (2/15)

Altars:


Innate Abilities, Weirdness & Mutations

Whenever you drink a potion that restores your health or magic, you attack all enemies around you.
You are too large for most types of armour.
You have a pair of small horns on your head.
You have tough skin. (AC +1)
Whenever you drink a potion that restores your health or magic, it restores twice as much.


Message History

You feel sick. The adder closely misses you. The adder barely misses you.
You hit the adder. Your headbutt misses the adder.
The adder is severely wounded.
You feel sick. The adder bites you.
You are more poisoned.
The adder poisons you!
You barely miss the adder.
The adder is severely wounded.
You feel sick. The adder completely misses you. The adder bites you.
You are more poisoned.
The adder poisons you!
You completely miss the adder.
The adder is severely wounded.
You feel very sick. The adder barely misses you.
The adder bites you but does no damage.
Unknown command.
You miss the adder.
The adder is severely wounded.
You feel very sick. The adder barely misses you.
You barely miss the adder.
The adder is severely wounded.
You feel sick. The adder barely misses you. The adder bites you.
You are more poisoned.
The adder poisons you!
You closely miss the adder.
The adder is severely wounded.
You feel very sick. The adder barely misses you.
The adder bites you but does no damage.
Unknown command.
Unknown command.
You closely miss the adder. Your headbutt misses the adder.
The adder is severely wounded.
You feel sick. The adder bites you.
* * * LOW HITPOINT WARNING * * *
You closely miss the adder. Your headbutt misses the adder.
The adder is severely wounded.
You feel sick. The adder bites you but does no damage.
The adder barely misses you.
Unknown command.
You hit the adder.
You kill the adder!
* * * LOW HITPOINT WARNING * * *
You feel sick.
Your Fighting skill increases to level 4!
It was a potion of degeneration.
There was something very wrong with that liquid.
You feel weakened.
You feel dopey.
You feel clumsy.
You feel sick.
It was a potion of haste.
You feel yourself speed up.
You feel sick.
You start resting.
You feel sick.
You are no longer poisoned.
You start resting.
Your extra speed is starting to run out.
You start resting.
You feel yourself slow down.
You start resting.
HP restored.
You start waiting.
Done waiting.
f - a sedimented blue potion A goblin and a gnoll come into view.
The gnoll shouts!
The goblin throws a stone.
The stone barely misses you.
The gnoll moves out of view.
A gnoll comes into view. It is wielding a +0 flail.
The gnoll shouts!
A gnoll comes into view.
It is wielding a +0 club and quivering 2 throwing nets.
The goblin throws a stone.
The stone hits you.
The gnoll moves out of view.
The gnoll shouts!
You closely miss the gnoll. The gnoll hits you with a +0 club.
You hit the gnoll but do no damage. Your headbutt misses the gnoll.
The gnoll closely misses you. The gnoll hits you with a +0 club!
You hit the gnoll.
The gnoll is lightly wounded.
The gnoll hits you with a +0 club.
You hit the gnoll. You headbutt the gnoll.
You kill the gnoll!
The goblin throws a stone.
The stone barely misses you.
You throw a dart of dispersal. The dart of dispersal hits the goblin.
The goblin blinks!
You throw a dart of dispersal.
The dart of dispersal barely misses the gnoll. x2
You hit the gnoll but do no damage. Your headbutt misses the gnoll.
The gnoll hits you with a +0 flail!
You are too injured to fight recklessly!
The gnoll barely misses you.
You are too injured to fight recklessly!
You hit the gnoll but do no damage. Your headbutt misses the gnoll.
You barely miss the gnoll.
The gnoll throws a throwing net.
The throwing net hits you.
You become entangled in the net!
The gnoll barely misses you. The gnoll hits you with a +0 flail.
You struggle against the net.
The gnoll hits you with a +0 club. The gnoll hits you with a +0 flail.
* * * LOW HITPOINT WARNING * * *
You struggle against the net.
The gnoll hits you with a +0 club.
* * * LOW HITPOINT WARNING * * *
The gnoll hits you with a +0 flail.
You die...

..# #.# # #.# .###.#
....# . ##..# ...
##...####..... ###
.###?..gg.)'.....
+..
.......@####.....
### ######..#####
... #.......# . ##
#.#.###.# #. #.#.#
#.# #+# #. #.#.# #.#
#.# #.
#.#.###.####.# #.
#............######.
###.#.#####.......#.


You could see 2 gnolls.

Vanquished Creatures
  An adder (D:2)
  A gnoll (D:2)
  A dart slug (D:2)
  7 endoplasms
  4 goblins (D:1)
  4 hobgoblins (D:1)
  2 ball pythons (D:1)
  A bat (D:2)
  5 kobolds (D:1)
  A rat (D:1)
27 creatures vanquished.

Notes
Turn   | Place    | Note
-------+----------+-------------------------------------------
     0 | D:1      | GloriousHammer the Oni Warper began the quest for the Orb.
     0 | D:1      | Reached XP level 1. HP: 22/22 MP: 3/3
   174 | D:1      | Reached skill level 3 in Fighting
   213 | D:1      | Reached XP level 2. HP: 16/31 MP: 5/5
   658 | D:1      | Reached XP level 3. HP: 38/39 MP: 6/6
   932 | D:2      | Reached skill level 4 in Fighting
  1268 | D:2      | Slain by a gnoll

Illustrated notes

Levels and vault maps discovered:
D:1:      dpeg_arrival_castle, layout_loops_ring
D:2:      layout_loops_corners

Skill      XL: |  1  2  3 |
---------------+----------+-----
Fighting       | 3 4 |  4.2
Maces & Flails | |  2.5
Throwing       | |  1.9
Dodging        | |  2.1
Spellcasting   | |  2.4
Translocations | |  2.6

Action                     || total
---------------------------++-------
  Melee: Mace              ||    93
         Headbutt          ||    14
  Throw: Dart              ||     2
    Use: Potion            ||     2
   Stab: Sleeping          ||     1
 Armour: Robe              ||    68
  Dodge: Dodged            ||    48

Table legend: (Time is in decaauts)
 A = Elapsed time spent in this place.
 B = Non-inter-level travel time spent in this place.
 C = Inter-level travel time spent in this place.
 D = Time resting spent in this place.
 E = Time spent auto-exploring this place.
 F = Levels seen in this place.
 G = Mean time per level.
                   A        B        C        D        E       F      G
               +--------+--------+--------+--------+--------+-----+--------+
         Total |   1274 |   1252 |     22 |    242 |    754 |   2 |  637.0 |
       Dungeon |   1274 |   1252 |     22 |    242 |    754 |   2 |  637.0 |
               +--------+--------+--------+--------+--------+-----+--------+

Top non-repeatable levels by time:
     D:1: 818 daAuts
     D:2: 455 daAuts
